 Dungeon Crawl Stone Soup version 0.24.0-7-gb3623d2c88 (webtiles) character file.

Game seed: 7361608108973277828, levelgen mode: deterministic

58 Aviak the Sneak (level 4, 0/27 HPs)
             Began as an Octopode Enchanter on Nov 2, 2019.
             Slain by a ball python (1 damage)
             ... on level 2 of the Dungeon.
             The game lasted 00:01:18 (1012 turns).

Aviak the Sneak (Octopode Enchanter)                Turns: 1012, Time: 00:01:18

Health: 0/27       AC:  1    Str:  7    XL:     4   Next: 1%
Magic:  2/7        EV: 11    Int: 17    God:
Gold:   132        SH:  0    Dex: 13    Spells: 1/7 levels left

rFire    . . .     SeeInvis .   a - +1 dagger
rCold    . . .     Gourm    .   (no shield)
rNeg     . . .     Faith    .   (helmet restricted)
rPois    .         Spirit   .   (no amulet)
rElec    .         Reflect  .   (no ring)
rCorr    .         Harm     .   (no ring)
MR       .....                  (no ring)
Stlth    ++++......             (no ring)
HPRegen  0.09/turn              (no ring)
MPRegen  0.10/turn              (no ring)
                                (no ring)
                                (no ring)

@: constricted
A: almost no armour, stealthy swim, amphibious, 8 rings, constrict 8, camouflage
1, gelatinous body 1
a: no special abilities


You were on level 2 of the Dungeon.
You were not hungry.

You visited 1 branch of the dungeon, and saw 2 of its levels.

You collected 132 gold pieces.

Inventory:

Hand Weapons
 a - a +1 dagger (weapon)
Scrolls
 b - 2 scrolls of teleportation {unknown}
 d - a scroll of remove curse {unknown}
 f - a scroll of fog {unknown}
Potions
 e - a potion of magic {unknown}
Comestibles
 c - a ration


   Skills:
 + Level 1.7 Short Blades
 + Level 2.5 Dodging
 + Level 4.6 Stealth
 + Level 2.4 Spellcasting
 + Level 3.4 Hexes


You had one spell level left.
You knew the following spells:

 Your Spells              Type           Power        Failure   Level  Hunger
a - Corona                Hex            ##.....      4%          1    #......
b - Ensorcelled Hibernat  Hex/Ice        #.....       14%         2    ##.....
c - Confuse               Hex            ##......     14%         3    ###....

Your spell library contained the following spells:

 Spells                   Type           Power        Failure   Level  Hunger
 Tukima's Dance           Hex            ##......     14%         3    ###....
 Dazzling Spray           Conj/Hex       #.....       28%         3    ###....


Dungeon Overview and Level Annotations

Branches:
Dungeon (2/15)

Altars:


Innate Abilities, Weirdness & Mutations

You cannot wear most types of armour.
You are very stealthy in the water. (Stealth+)
You are amphibious.
You can wear up to eight rings at the same time.
You can use your tentacles to constrict eight enemies at once.
Your skin changes colour to match your surroundings (Stealth+).
Your rubbery body absorbs attacks. (AC +1, EV +1)


Message History

You hit the dart slug.
The dart slug is severely wounded.
You constrict the shadow imp.
You constrict the dart slug, but do no damage.
The dart slug bites you. The shadow imp hits you.
* * * LOW HITPOINT WARNING * * *
You hit the shadow imp but do no damage.
The shadow imp is almost dead.
You constrict the shadow imp.
You kill the shadow imp!
You constrict the dart slug. The dart slug bites you.
* * * LOW HITPOINT WARNING * * *
The ball python misses you. The ball python grabs you.
The ball python constricts you.
You hit the dart slug. You squeeze the dart slug.
You kill the dart slug!
You have reached level 4!
The ball python bites you.
* * * LOW HITPOINT WARNING * * *
You die...

#####
......######
#.....@S..#
#.##...##.#
#..)# #
#.... ##...
..... ##....
##....


You could see a ball python.

Vanquished Creatures
  A shadow imp (D:2)
  3 oozes (D:1)
  A dart slug (D:2)
  A leopard gecko (D:1)
  7 bats (D:1)
  2 giant cockroaches (D:1)
  A goblin (D:1)
  3 hobgoblins (D:1)
  6 jackals (D:1)
  3 kobolds (D:1)
  3 frilled lizards (D:1)
  3 rats (D:1)
34 creatures vanquished.

Notes
Turn   | Place    | Note
-------+----------+-------------------------------------------
     0 | D:1      | Aviak the Octopode Enchanter began the quest for the Orb.
     0 | D:1      | Reached XP level 1. HP: 11/11 MP: 3/3
    57 | D:1      | Reached XP level 2. HP: 8/17 MP: 0/5
    73 | D:1      | Learned a level 2 spell: Ensorcelled Hibernation
   443 | D:1      | Reached XP level 3. HP: 21/21 MP: 6/6
   813 | D:1      | Learned a level 3 spell: Confuse
  1012 | D:2      | Reached XP level 4. HP: 3/27 MP: 2/7
  1012 | D:2      | HP: 1/27 [ball python (2)]
  1012 | D:2      | Slain by a ball python

Levels and vault maps discovered:
D:1:      minmay_arrival_diagonal_passages, layout_basic
D:2:      layout_loops_cross, first_ration, uniq_sigmund

Action                   |  1- 3 |  4- 6 || total
-------------------------+-------+-------++-------
Melee: Dagger            |    67 |       ||    67
       Constrict         |    17 |       ||    17
       Tentacles         |    12 |       ||    12
 Cast: Corona            |     3 |       ||     3
       Ensorcelled Hiber |     2 |       ||     2
  Use: Potion            |     1 |       ||     1
 Stab: Sleeping          |    16 |       ||    16
Armor: Skin              |    10 |       ||    10
Dodge: Dodged            |    43 |       ||    43
